 Seeded DCSS version 0.27.1-2-g3b301248ec (webtiles) character file.

Game seed: 17979796883088392625 (custom seed)

28 babuloseo the Sneak (level 3, -1/24 HPs)
             Began as a Human Enchanter on Sept 26, 2021.
             Succumbed to a goblin's poison
             ... on level 1 of the Dungeon.
             The game lasted 00:01:02 (1053 turns).

babuloseo the Sneak (Human Enchanter)               Turns: 1053, Time: 00:01:03

Health: -1/24      AC:  2    Str:  9    XL:     3   Next: 30%
Magic:  6/6        EV: 12    Int: 15    God:
Gold:   39         SH:  0    Dex: 13    Spells: 3/6 levels left

rFire    . . .     SeeInvis .   e - +2 dagger (venom)
rCold    . . .     Faith    .   (no shield)
rNeg     . . .     Spirit   .   b - +0 robe
rPois    .         Reflect  .   (no helmet)
rElec    .         Harm     .   (no cloak)
rCorr    .         Rampage  .   (no gloves)
Will     .....                  (no boots)
Stlth    ++........             g - amulet of regeneration
HPRegen  1.08/turn              (no ring)
MPRegen  0.10/turn              (no ring)

@: lethally poisoned (-1 -> -11)
A: no striking features
a: no special abilities


You were on level 1 of the Dungeon.
You visited 1 branch of the dungeon, and saw 1 of its levels.

You collected 39 gold pieces.

Inventory:

Hand Weapons
 a - a +1 dagger
 e - a +2 dagger of venom (weapon)
Armour
 b - a +0 robe (worn)
Jewellery
 g - an amulet of regeneration (around neck)
Scrolls
 f - a scroll of enchant armour {unknown}
Potions
 c - a potion of berserk rage {unknown}
 d - a potion of curing {unknown}


   Skills:
 * Level 1.4 Short Blades
 + Level 2.1 Dodging
 + Level 3.7 Stealth
 + Level 2.1 Spellcasting
 + Level 3.2 Hexes


You had 3 spell levels left.
You knew the following spells:

 Your Spells              Type           Power      Damage    Failure   Level
a - Corona                Hex            12%        N/A       6%          1
b - Ensorcelled Hibernat  Hex/Ice        12%        N/A       17%         2

Your spell library contained the following spells:

 Spells                   Type           Power      Damage    Failure   Level
 Confusing Touch          Hex            11%        N/A       17%         3
 Tukima's Dance           Hex            11%        N/A       17%         3
 Dazzling Flash           Conj/Hex       12%        N/A       34%         3


Dungeon Overview and Level Annotations

Branches:
Dungeon (1/15)

Altars:


Message History

Your amulet attunes itself to your body as you begin to regenerate more quickly.
A bat is nearby!
A frilled lizard comes into view.
A frilled lizard is nearby!
A frilled lizard is nearby!
The helpless frilled lizard fails to defend itself.
You impale the frilled lizard!!
You kill the frilled lizard!
You see here a +0 dagger.
Key pressed, stopping explore.
No target in view!
No target in view!
A goblin comes into view. It is wielding a +2 dagger of venom.
A goblin is nearby!
A goblin is nearby!
The goblin hits you with a +2 dagger of venom.
You are poisoned.
A goblin is nearby!
You barely miss the goblin.
You feel very sick.
The goblin hits you with a +2 dagger of venom.
You are more poisoned.
You hit the goblin.
The goblin is moderately wounded.
You feel very sick.
The goblin hits you with a +2 dagger of venom.
You are more poisoned.
You are too injured to fight recklessly!
You are too injured to fight recklessly!
You barely miss the goblin.
The goblin is moderately wounded.
You feel very sick.
The goblin hits you with a +2 dagger of venom.
* * * LOW HITPOINT WARNING * * *
You are more poisoned.
You hit the goblin.
You kill the goblin!
* * * LOW HITPOINT WARNING * * *
You feel very sick.
You die...

#.#.#
#.#.........#.
#.#.#
###.####(......#
#.#.# .....
.........# #...#
##.##>####...###.#
.........# #.......
....# #.#
#########.##
#..##.# ##..###.#
...# #.# ##....
......... ##.#
#.#####...##
##....... #.#
#.......@..#.###
#..###.# #.#
#######............
...# #.#
##.######### #####
#.# #.# #.# #.# #.#
#####.####### #.#
#............ #.##
#.###.####### #..#
#.# #.#


There were no monsters in sight!

Vanquished Creatures
  A dart slug (D:1)
  3 ball pythons (D:1)
  An endoplasm (D:1)
  A giant cockroach (D:1)
  4 goblins (D:1)
  2 hobgoblins (D:1)
  2 jackals (D:1)
  A bat (D:1)
  5 frilled lizards (D:1)
  A kobold (D:1)
  5 rats (D:1)
26 creatures vanquished.

Notes
Turn   | Place    | Note
-------+----------+-------------------------------------------
     0 | D:1      | babuloseo the Human Enchanter began the quest for the Orb.
     0 | D:1      | Reached XP level 1. HP: 13/13 MP: 3/3
   224 | D:1      | Reached XP level 2. HP: 17/19 MP: 5/5
   517 | D:1      | Learned a level 2 spell: Ensorcelled Hibernation
   802 | D:1      | Reached XP level 3. HP: 24/24 MP: 6/6
  1053 | D:1      | Succumbed to a goblin's poison

Illustrated notes

Levels and vault maps discovered:
D:1:      minmay_arrival_cross, layout_loops_ring

Action                   || total
-------------------------++-------
Melee: Dagger            ||    93
 Cast: Ensorcelled Hiber ||     1
       Corona            ||     1
 Stab: Sleeping          ||    12
Armor: Robe              ||    12
Dodge: Dodged            ||    52
